 Dungeon Crawl Stone Soup version 0.28.0-53-g5a82cb258f (webtiles) character file.

Game seed: 3427380557038968753

450 slugheadthewise the Skirmisher (level 7, -1/44 HPs)
             Began as a Gargoyle Berserker on June 4, 2022.
             Was a Believer of Trog.
             Slain by Pikel
             ... wielding a +0 whip of electrocution
              (5 damage)
             ... on level 4 of the Dungeon.
             The game lasted 00:11:40 (3839 turns).

slugheadthewise the Skirmisher (Gargoyle Berserker) Turns: 3839, Time: 00:11:41

Health: -1/44      AC: 17    Str: 23    XL:     7   Next: 4%
Magic:  7/7        EV:  8    Int:  7    God:    Trog [**....]
Gold:   136        SH:  0    Dex:  9    Spells: 6/6 levels left

rFire   . . .      SeeInvis .   a - +0 mace
rCold   + + .      Faith    .   (no shield)
rNeg    + . .      Spirit   .   b - +0 chain mail
rPois   ∞          Reflect  .   (no helmet)
rElec   +          Harm     .   f - +0 cloak
rCorr   .          Rampage  .   d - +0 pair of gloves
Will    .....                   (no boots)
Stlth   ..........              (no amulet)
HPRegen 0.14/turn               (no ring)
MPRegen 0.10/turn               (no ring)

@: on berserk cooldown, slowed, very slow
A: sickness immunity, AC +4, negative energy resistance 1, electricity
resistance, torment resistance 1, petrification resistance, talons 1, cold
resistance 2, shaggy fur 1, evolution 1
a: Renounce Religion, Berserk, Trog's Hand


You were on level 4 of the Dungeon.
You worshipped Trog.
Trog was pleased with you.
You visited 1 branch of the dungeon, and saw 4 of its levels.

You collected 136 gold pieces.

Inventory:

Hand Weapons
 a - a +0 mace (weapon)
Missiles
 e - 29 bolts
Armour
 b - a +0 chain mail (worn)
 d - a +0 pair of gloves (worn)
 f - a +0 cloak (worn)
Scrolls
 g - a scroll of identify
 h - 3 scrolls of fear
Potions
 c - 4 potions of curing


   Skills:
 * Level 5.3 Fighting
 + Level 3.9 Maces & Flails
 + Level 2.2 Crossbows
 + Level 3.4 Armour
 - Level 1.5 Dodging
 + Level 2.6 Shields
 + Level 2.1 Evocations


You had 6 spell levels left.
You didn't know any spells.
Your spell library was empty.

Dungeon Overview and Level Annotations

Branches:
Dungeon (4/15)
 Temple: D:4-7

Altars:
Vehumet

Shops:
D:3 =

Annotations:
D:4 Pikel


Innate Abilities, Weirdness & Mutations

You are immune to sickness and miasma.
Your stone body is resilient. (AC +4)
You are immune to poison.
You resist negative energy. (rN+)
You are resistant to electric shocks. (rElec)
You are resistant to unholy torment.
You are immune to petrification.
You have sharp toenails.
Your flesh is very cold resistant. (rC++)
You are covered in fur. (AC +1)
You have hidden genetic potential.


Message History

The howler monkey skeleton barely misses you.
Pikel says, "You'll freeze in Cocytus!"
Pikel hits you with a +0 whip of electrocution.
You hit Pikel but do no damage. Your kick misses Pikel.
Pikel is severely wounded.
The howler monkey skeleton hits you. Pikel hits you but does no damage.
The howler monkey skeleton barely misses you.
You hit Pikel but do no damage. Your kick misses Pikel.
Pikel is severely wounded.
Pikel barely misses you.
The howler monkey skeleton hits you but does no damage.
Pikel hits you but does no damage.
You closely miss Pikel. Your kick misses Pikel.
Pikel is severely wounded.
The howler monkey skeleton hits you but does no damage.
Pikel hits you but does no damage.
A lemure comes into view.
The howler monkey skeleton hits you but does no damage.
Pikel hits you with a +0 whip of electrocution!
The lemure shouts!
You hit Pikel but do no damage.
Pikel is severely wounded.
The howler monkey skeleton hits you but does no damage.
Pikel hits you with a +0 whip of electrocution. x2
You closely miss Pikel. Your kick misses Pikel.
Pikel is severely wounded.
Pikel hits you but does no damage. The lemure barely misses you.
Pikel hits you but does no damage.
The howler monkey skeleton hits you but does no damage.
You barely miss Pikel. Your kick misses Pikel.
Pikel is severely wounded.
The lemure hits you!
* * * LOW HITPOINT WARNING * * *
Pikel hits you but does no damage.
The howler monkey skeleton hits you but does no damage.
The lemure barely misses you.
You hit Pikel.
Pikel is severely wounded.
Pikel hits you with a +0 whip of electrocution.
You die...

#.##.# #.....## ###
.....# #.....##
#...## #.....#. ###.#
#######. #.# ### #.##
#.# ##.## #...
#.#####.#.###..####.#
#.#......#.##Z5K55..#
#...###...## #@#
##### ##.#####.#
#.......# #########


You could see Pikel, 3 lemures and a howler monkey skeleton.

Vanquished Creatures
  A lemure (D:4)
  3 scorpions
  2 hounds (D:4)
  A bullfrog skeleton (D:4)
  An iguana (D:4)
  Ijyb (D:3)
  9 adders
  A worm (D:3)
  A dart slug (D:2)
  5 ball pythons
  5 bats
  4 endoplasms
  3 giant cockroaches
  10 goblins
  5 hobgoblins
  3 quokkas
  A frilled lizard (D:1)
  6 kobolds
  2 rats (D:2)
64 creatures vanquished.

Vanquished Creatures (others)
  20 demonic plants (D:2)
20 creatures vanquished.

Grand Total: 84 creatures vanquished

Notes
Turn   | Place    | Note
-------+----------+-------------------------------------------
     0 | D:1      | slugheadthewise the Gargoyle Berserker began the quest for
                  | the Orb.
     0 | D:1      | Reached XP level 1. HP: 14/14 MP: 1/1
   132 | D:1      | Reached XP level 2. HP: 18/19 MP: 2/2
   902 | D:2      | Reached XP level 3. HP: 14/24 MP: 3/3
  1038 | D:2      | Reached skill level 1 in Shields
  1251 | D:2      | Reached skill level 1 in Crossbows
  1517 | D:2      | Found a faded altar of an unknown god.
  1862 | D:2      | Reached skill level 4 in Fighting
  1958 | D:3      | Noticed Ijyb
  1988 | D:3      | Killed Ijyb
  1989 | D:3      | Reached skill level 1 in Evocations
  1989 | D:3      | Reached XP level 4. HP: 3/29 MP: 4/4
  2425 | D:3      | Reached ** piety under Trog
  2447 | D:3      | Found Batey's Jewellery Shoppe.
  2580 | D:3      | Reached XP level 5. HP: 24/34 MP: 5/5
  2783 | D:3      | Gained mutation: You have sharp toenails. [potion of
                  | mutation]
  2783 | D:3      | Gained mutation: You are covered in fur. (AC +1) [potion of
                  | mutation]
  2783 | D:3      | Gained mutation: Your flesh is cold resistant. (rC+)
                  | [potion of mutation]
  2783 | D:3      | Gained mutation: You have hidden genetic potential. [potion
                  | of mutation]
  3002 | D:4      | Reached XP level 6. HP: 40/40 MP: 6/6
  3006 | D:4      | Reached skill level 5 in Fighting
  3177 | D:4      | Gained mutation: Your flesh is very cold resistant. (rC++)
                  | [hidden potential]
  3603 | D:4      | Reached XP level 7. HP: 41/44 MP: 7/7
  3714 | D:4      | Found a radiant altar of Vehumet.
  3814 | D:4      | Noticed Pikel
  3839 | D:4      | Slain by Pikel

Illustrated notes

Levels and vault maps discovered:
D:1:      ncdulo_watergridlock, layout_basic, chequers_garden
D:2:      layout_loops_ring, shapermc_ecumenical_altar_flowoftime
D:3:      layout_rooms, serial_shops, nicolae_shop_advertising_works
          [nicolae_subvault_shop_adworks], grunt_decor_cap,
          minmay_misc_feat_iff, kennysheep_generic_room_14, uniq_ijyb
D:4:      layout_loops_cross, kennysheep_little_box, corexii_hall_statues_s,
          uniq_pikel

Skill      XL: |  1  2  3  4  5  6 |
---------------+-------------------+-----
Shields        | 1 2 |  2.6
Crossbows      | 1 2 |  2.2
Fighting       | 4 5 |  5.3
Evocations     | 1 2 |  2.1
Armour         | 3 |  3.4
Maces & Flails | |  3.9
Dodging        | |  1.5

Action                   |  1- 3 |  4- 6 |  7- 9 || total
-------------------------+-------+-------+-------++-------
Melee: Mace              |   119 |   145 |    25 ||   289
       Kick              |       |    24 |     2 ||    26
       Punch             |       |     1 |     1 ||     2
Invok: Berserk           |     2 |     1 |     1 ||     4
  Use: Scroll            |     7 |     2 |       ||     9
       Potion            |     1 |     2 |       ||     3
Armor: Animal skin       |    40 |       |       ||    40
       Chain mail        |       |    87 |    34 ||   121
       Ring mail         |       |     9 |       ||     9
Dodge: Dodged            |    78 |    73 |    11 ||   162
